 Dungeon Crawl Stone Soup version 0.25-a0-668-gea548f19b6 (webtiles) character file.

Game seed: 3300014442199955659, levelgen mode: deterministic

102 MisterFreud the Skirmisher (level 4, -2/42 HPs)
             Began as a Hill Orc Abyssal Knight on Mar 28, 2020.
             Was a Believer of Lugonu.
             Slain by Pikel
             ... wielding a +1 whip of flaming
              (3 damage)
             ... on level 4 of the Dungeon.
             The game lasted 00:11:49 (3100 turns).

MisterFreud the Skirmisher (HOAK)                   Turns: 3100, Time: 00:11:50

Health: -2/42      AC:  9    Str: 15    XL:     4   Next: 77%
Magic:  5/5        EV:  6    Int: 12    God:    Lugonu [**....]
Gold:   161        SH:  0    Dex: 10    Spells: 3/3 levels left

rFire    + . .     SeeInvis .   a - +1 hand axe
rCold    . . .     Gourm    .   (no shield)
rNeg     . . .     Faith    .   n - +0 chain mail
rPois    .         Spirit   .   (no helmet)
rElec    .         Reflect  .   (no cloak)
rCorr    .         Harm     .   (no gloves)
MR       +....                  k - +0 pair of boots
Stlth    ..........             (no amulet)
HPRegen  0.14/turn              s - ring of protection from magic
MPRegen  0.09/turn              (no ring)

@: mighty, hasted, very quick
A: fire resistance 1, wild magic 1
a: Depart the Abyss, Bend Space, Renounce Religion


You were on level 4 of the Dungeon.
You worshipped Lugonu.
Lugonu was pleased with you.
You were very hungry.

You visited 2 branches of the dungeon, and saw 5 of its levels.
You visited the Abyss 1 time.

You collected 161 gold pieces.

Inventory:

Hand Weapons
 a - a +1 hand axe (weapon)
Missiles
 d - 10 sling bullets
 e - 12 boomerangs (quivered)
 f - 21 poisoned darts
 g - 122 stones
 m - 3 curare-tipped darts
 r - 21 bolts
 u - 23 arrows
Armour
 k - a +0 pair of boots (worn)
 n - a +0 chain mail (worn)
Jewellery
 s - a ring of protection from magic (left hand)
Scrolls
 b - a scroll of random uselessness {unknown}
 h - 2 scrolls of identify
 j - a scroll of remove curse
 q - a scroll of teleportation
Potions
 i - a potion of stabbing
 l - a potion of brilliance
 o - a potion of might
Comestibles
 c - 3 rations


   Skills:
 + Level 5.3 Fighting
 * Level 4.7 Axes
 - Level 2.1 Armour
 - Level 0.7 Dodging
 - Level 2.4 Invocations


You had 3 spell levels left.
You didn't know any spells.
Your spell library was empty.

Dungeon Overview and Level Annotations

Branches:
Dungeon (4/15)             Temple (1/1) D:4

Altars:
Ashenzari
Cheibriados
Makhleb
Sif Muna

Annotations:
D:4 Pikel


Innate Abilities, Weirdness & Mutations

Your flesh is heat resistant. (rF+)
Your spells are a little harder to cast, but a little more powerful.


Message History

* * * LOW HITPOINT WARNING * * *
You hit Pikel.
Pikel is heavily wounded.
You slash the slave! You hit the slave. You hit the plant.
The centaur skeleton hits the plant.
The slave hits you.
* * * LOW HITPOINT WARNING * * *
The slave hits you but does no damage. Pikel hits you but does no damage.
The centaur skeleton hits the plant but does no damage.
Okay, then.
Unknown command.
Unknown command.
Your chain mail prevents you from hitting Pikel.
Pikel is heavily wounded.
You hit the plant but do no damage.
Your chain mail prevents you from hitting the slave.
You closely miss the slave. The slave hits you.
* * * LOW HITPOINT WARNING * * *
The slave barely misses you.
Pikel hits you with a +1 whip of flaming.
You die...

#.........##
##P.P######
####.####
##P#..p#P###
#....>KZ...##
#.P#...#P)..##
....###Z##.....#
..##
#PKPpp##...# .
##.@p## #...#
##### #..# #...
#.. #.


You could see Pikel, 3 slaves and a centaur skeleton.

Vanquished Creatures
  A slave (Temple)
  An orc priest (Temple)
  3 adders
  An ooze (D:2)
  A worm (D:3)
  A dart slug (D:1)
  2 orcs
  7 bats
  7 goblins
  2 hobgoblins (D:1)
  4 kobolds
  A frilled lizard (D:1)
  8 rats
39 creatures vanquished.

Notes
Turn   | Place    | Note
-------+----------+-------------------------------------------
     0 | Abyss:1  | MisterFreud the Hill Orc Abyssal Knight began the quest for
                  | the Orb.
     0 | Abyss:1  | Reached XP level 1. HP: 19/19 MP: 2/2
    33 | D:1      | Escaped the Abyss
   147 | D:2      | Reached skill level 4 in Fighting
   159 | D:2      | Reached XP level 2. HP: 25/27 MP: 3/3
   725 | D:2      | Reached ** piety under Lugonu
   725 | D:2      | Reached XP level 3. HP: 33/35 MP: 4/4
   933 | D:2      | Found a burning altar of Makhleb.
  1512 | D:3      | Found a shattered altar of Ashenzari.
  1555 | D:3      | Reached skill level 5 in Fighting
  1580 | D:3      | Reached XP level 4. HP: 4/42 MP: 5/5
  1583 | D:3      | HP: 2/42 [poisoned by an adder]
  1588 | D:3      | Gained mutation: Your spells are a little harder to cast,
                  | but a little more powerful. [potion of mutation]
  1588 | D:3      | Gained mutation: Your flesh is heat resistant. (rF+)
                  | [potion of mutation]
  1591 | D:3      | HP: 1/42 [poisoned by an adder]
  2157 | D:4      | Noticed an ogre
  2240 | D:4      | Noticed Pikel
  2240 | D:4      | Noticed a slave
  2240 | D:4      | Noticed a slave
  2240 | D:4      | Noticed a slave
  2240 | D:4      | Noticed a slave
  2270 | D:4      | HP: 2/42 [poisoned by an adder]
  2276 | D:4      | Found a staircase to the Ecumenical Temple.
  2276 | D:4      | HP: 2/42 [poisoned by an adder]
  2282 | Temple   | Entered the Ecumenical Temple
  2634 | Temple   | Killed a slave
  3100 | D:4      | HP: 1/42 [slave[Pikel] (3)]
  3100 | D:4      | Slain by Pikel

Levels and vault maps discovered:
D:1:      wander_arrival_chamber, layout_basic
D:2:      layout_loops_ring, lemuel_round_altar, minmay_misc_feat_rugged
D:3:      layout_basic, nicolae_ashenzari_panopticon, first_ration
D:4:      layout_layer_cave, kennysheep_okawaru_gauntlet,
          minmay_temple_entry_gardened_gates, kennysheep_generic_room_6,
          uniq_pikel
Temple:   nicolae_temple_elliptical

Skill      XL: |  1  2  3  4 |
---------------+-------------+-----
Fighting       | 4 5 |  5.3
Axes           | 3 4 |  4.7
Armour         | |  2.1
Dodging        | |  0.7
Invocations    | |  2.4

Action                   |  1- 3 |  4- 6 || total
-------------------------+-------+-------++-------
Melee: Hand axe          |   138 |    61 ||   199
Invok: Bend Space        |       |     1 ||     1
  Use: Scroll            |     4 |     4 ||     8
       Potion            |     1 |     4 ||     5
  Eat: Chunk             |     2 |     4 ||     6
Armor: Ring mail         |    29 |       ||    29
       Leather armour    |     4 |       ||     4
       Chain mail        |    49 |    39 ||    88
Dodge: Dodged            |    78 |    31 ||   109

Table legend:
 A = Non-vault XP
 B = Vault XP
 C = Vault XP percentage of total XP
 D = Non-vault monster count
 E = Vault monster count
 F = Vault count percentage of total count
                 A         B        C        D         E       F
            +---------+---------+-------+---------+---------+-------
      Total |     146 |       0 |   0.0 |      38 |       0 |   0.0
            +---------+---------+-------+---------+---------+-------
        D:1 |      18 |       0 |   0.0 |      11 |       0 |   0.0
        D:2 |      26 |       0 |   0.0 |      13 |       0 |   0.0
        D:3 |      45 |       0 |   0.0 |      11 |       0 |   0.0
     Temple |      57 |       0 |   0.0 |       3 |       0 |   0.0
            +---------+---------+-------+---------+---------+-------
